 Dungeon Crawl Stone Soup version 0.28.0 (webtiles) character file.

Game seed: 12623060694487740780

69 Host24 the Bolt Thrower (level 4, 0/28 HPs)
             Began as a Kobold Hunter on Feb 5, 2022.
             Slain by a gnoll (15 damage)
             ... on level 2 of the Dungeon.
             The game lasted 00:02:46 (2648 turns).

Host24 the Bolt Thrower (Kobold Hunter)             Turns: 2648, Time: 00:02:47

Health: 0/28       AC:  4    Str:  8    XL:     4   Next: 42%
Magic:  4/4        EV: 14    Int: 10    God:
Gold:   42         SH:  0    Dex: 15    Spells: 3/3 levels left

rFire   . . .      SeeInvis .   k - +7 mace "Repif" {venom, rN+++ Str-3 Int-2 Stlth+}
rCold   . . .      Faith    .   (no shield)
rNeg    + + +      Spirit   .   c - +0 leather armour
rPois   .          Reflect  .   h - +0 helmet
rElec   .          Harm     .   (no cloak)
rCorr   .          Rampage  .   (no gloves)
Will    .....                   (no boots)
Stlth   ++++......              (no amulet)
HPRegen 0.09/turn               (no ring)
MPRegen 0.09/turn               (no ring)

@: no status effects
A: small, no large weapons, nightstalker 3
a: no special abilities


You were on level 2 of the Dungeon.
You visited 1 branch of the dungeon, and saw 2 of its levels.

You collected 42 gold pieces.

Inventory:

Hand Weapons
 a - a +1 hand crossbow
 k - the +7 mace "Repif" (weapon) {venom, rN+++ Str-3 Int-2 Stlth+}
   (You found it on level 2 of the Dungeon)

   It poisons the flesh of those it strikes.
   Str:       It affects your strength (-3).
   Int:       It affects your intelligence (-2).
   rN:        It renders you almost immune to negative energy.
   Stlth:     It makes you more stealthy.
Missiles
 d - 20 bolts
 e - 40 stones (quivered)
 l - 26 sling bullets
 m - 21 arrows
Armour
 c - a +0 leather armour (worn)
 h - a +0 helmet (worn)
Scrolls
 b - a scroll of immolation
 f - a scroll of vulnerability {unknown}
 i - 2 scrolls of identify {unknown}
 j - a scroll of holy word {unknown}
Potions
 g - 2 potions of attraction {unknown}


   Skills:
 - Level 3.0 Fighting
 + Level 6.0 Crossbows
 - Level 3.0 Dodging
 - Level 1.3 Stealth


You had 3 spell levels left.
You didn't know any spells.
Your spell library contained the following spells:

 Spells                   Type           Power      Damage    Failure   Level
 Animate Skeleton         Necr           0%         N/A       50%         1
 Apportation              Tloc           0%         N/A       50%         1
 Summon Small Mammal      Summ           0%         N/A       50%         1


Dungeon Overview and Level Annotations

Branches:
Dungeon (2/15)

Altars:
Zin


Innate Abilities, Weirdness & Mutations

You are small and have problems with some larger weapons.
You are completely attuned to the shadows.


Message History

You have reached level 4!
You see here a +0 leather armour.
A bat comes into view.
The helpless bat fails to defend itself.
You hit the bat.
You kill the bat!
A kobold comes into view. It is wielding a +0 club.
A dart slug comes into view.
The helpless kobold fails to defend itself.
You sock the kobold!
You kill the kobold!
Things that are here:
a +0 club; a kobold corpse A dart slug is nearby!
You hit the dart slug.
The dart slug is poisoned.
The dart slug is severely wounded.
You kill the dart slug!
You see here a dart slug corpse.
Found a stone staircase leading up.
A gnoll comes into view.
It is wielding a +0 whip. 2 gnolls come into view.
The helpless gnoll fails to defend itself.
You sock the gnoll!
You kill the gnoll!
Your Crossbows skill increases to level 6!
You see here a +0 whip.
A gnoll comes into view. It is wielding a +0 spear.
The gnoll shouts! x3
The gnoll barely misses you. x2
The gnoll hits you from afar with a +0 spear.
You barely miss the gnoll. You punch the gnoll.
The gnoll is lightly wounded.
The gnoll misses you. The gnoll barely misses you. The gnoll misses you.
You hit the gnoll.
The gnoll is poisoned.
The gnoll is heavily wounded.
The gnoll hits you from afar with a +0 spear.
The gnoll hits you with a +0 spear. The gnoll barely misses you.
The gnoll hits you with a +0 halberd!
Ouch! That really hurt!
You die...

###
################.#
.................#
################.#
...............#.#
##############.#.#
.......#######.#)#
...............#.#
######.#########@#
# #..... ..ggg# #
#################
# #.......[....†<#
# #.##############
#######.#
........#
.....#### ####.#


You could see 3 gnolls.

Vanquished Creatures
  2 adders (D:2)
  A gnoll (D:2)
  2 dart slugs (D:2)
  4 ball pythons
  2 endoplasms (D:1)
  2 giant cockroaches
  2 goblins
  8 hobgoblins
  5 bats
  A frilled lizard (D:2)
  5 kobolds
  A rat (D:1)
35 creatures vanquished.

Notes
Turn   | Place    | Note
-------+----------+-------------------------------------------
     0 | D:1      | Host24 the Kobold Hunter began the quest for the Orb.
     0 | D:1      | Reached XP level 1. HP: 12/12 MP: 1/1
    22 | D:1      | Reached skill level 5 in Crossbows
   498 | D:1      | Reached XP level 2. HP: 18/18 MP: 2/2
  1782 | D:2      | Reached XP level 3. HP: 23/23 MP: 3/3
  1784 | D:2      | Identified the +7 mace "Repif" {venom, rN+++ Str-3 Int-2
                  | Stlth+}
  1817 | D:2      | Found a glowing silver altar of Zin.
  2392 | D:2      | Found a faded altar of an unknown god.
  2462 | D:2      | Reached XP level 4. HP: 28/28 MP: 4/4
  2644 | D:2      | Reached skill level 6 in Crossbows
  2648 | D:2      | Slain by a gnoll

Illustrated notes

Levels and vault maps discovered:
D:1:      ncdulo_watergridlock, layout_basic
D:2:      layout_basic, basic_altar, hellmonk_ecumenical_altar_blasted

Skill      XL: |  1  2  3  4 |
---------------+-------------+-----
Crossbows      | 5 6 |  6.0
Fighting       | 3 |  3.0
Dodging        | 3 |  3.0
Stealth        | |  1.3

Action                   |  1- 3 |  4- 6 || total
-------------------------+-------+-------++-------
Melee: Short sword       |    56 |       ||    56
       Mace              |    20 |     6 ||    26
       Punch             |       |     1 ||     1
 Stab: Sleeping          |    17 |     3 ||    20
Armor: Leather armour    |    13 |       ||    13
Dodge: Dodged            |    39 |     6 ||    45
